 Dungeon Crawl Stone Soup version 0.24.0-13-gcf9b319 (webtiles) character file.

Game seed: 16220828808565702451, levelgen mode: deterministic

18 Bronimir the Stinger (level 2, -1/19 HPs)
             Began as a Formicid Venom Mage on Mar 25, 2020.
             Slain by a goblin
             ... wielding a +0 dagger
              (3 damage)
             ... on level 1 of the Dungeon.
             The game lasted 00:01:23 (366 turns).

Bronimir the Stinger (Formicid Venom Mage)           Turns: 366, Time: 00:01:24

Health: -1/19      AC:  2    Str: 12    XL:     2   Next: 85%
Magic:  0/5        EV: 12    Int: 14    God:
Gold:   9          SH:  0    Dex: 11    Spells: 2/5 levels left

rFire    . . .     SeeInvis +   d - +0 spear (curse)
rCold    . . .     Gourm    .   (no shield)
rNeg     . . .     Faith    .   a - +0 robe
rPois    .         Spirit   .   (helmet unavailable)
rElec    .         Reflect  .   (no cloak)
rCorr    .         Harm     .   (no gloves)
MR       .....                  (no boots)
Stlth    ++........             (no amulet)
HPRegen  0.06/turn              (no ring)
MPRegen  0.09/turn              (no ring)

@: no status effects
A: permanent stasis, dig shafts and tunnels, four strong arms, antennae 3
a: Dig, Shaft Self


You were on level 1 of the Dungeon.
You were not hungry.

You visited 1 branch of the dungeon, and saw 1 of its levels.

You collected 9 gold pieces.

Inventory:

Hand Weapons
 d - a cursed +0 spear (weapon)
 e - a +0 hand axe
Armour
 a - a +0 robe (worn)
Potions
 b - a potion of curing {unknown}
Comestibles
 c - a ration


   Skills:
 * Level 1.3 Armour
 + Level 1.7 Dodging
 - Level 2.4 Stealth
 + Level 2.2 Spellcasting
 + Level 1.1 Conjurations
 * Level 4.5 Poison Magic


You had 2 spell levels left.
You knew the following spells:

 Your Spells              Type           Power        Failure   Level  Hunger
a - Sting                 Conj/Pois      #...         8%          1    #......
b - Poisonous Vapours     Pois/Air       #.....       14%         2    ###....

Your spell library contained the following spells:

 Spells                   Type           Power        Failure   Level  Hunger
 Mephitic Cloud           Conj/Pois/Air  #.......     32%         3    ###....
 Olgreb's Toxic Radiance  Pois           ##......     34%         4    #####..
 Venom Bolt               Conj/Pois      #.........   90%         5    ######.


Dungeon Overview and Level Annotations

Branches:
Dungeon (1/15)

Altars:


Innate Abilities, Weirdness & Mutations

You cannot be hasted, slowed, berserked, paralysed or teleported.
You can dig through walls and to a lower floor.
Your four strong arms can wield two-handed weapons with a shield.
You have a pair of large antennae on your head. (SInv)


Message History

Attack whom?
Press: ? - help, Dir - move target cursor, f - goblin
Aim: a goblin, wielding a +0 dagger You reach to attack!
You hit the goblin but do no damage.
Attack whom?
Press: ? - help, Dir - move target cursor, f/p - goblin
Aim: a goblin, wielding a +0 dagger You barely miss the goblin.
The goblin hits you but does no damage.
Casting: Sting (safe; 8% risk of failure)
Confirm with . or Enter, or press ? or * to list all spells.
Aiming: Sting (safe; 8% risk of failure)
Press: ? - help, Shift-Dir - straight line, f/p - goblin
Aim: a goblin, wielding a +0 dagger The sting hits the goblin.
The goblin is severely wounded.
The goblin barely misses you.
You closely miss the goblin.
The goblin is severely wounded.
The goblin hits you with a +0 dagger.
You die...

...........)###....##
#.........(##......#
##.........##.......####
####..........##...........
#....#.....#..............#
..##.........#............#
#.#######......##.....## #.#
###.#####.#.......#...
##'####..##@g†..............
+...'..#########........##..
#.<.#### ##......>......
+...+ #.........###.. ##+##
#....####..# . .........
#... #...##(...# ...# ...#.
....... .... ...## #.....#.


You could see a goblin.

Vanquished Creatures
  A dart slug (D:1)
  2 leopard geckos (D:1)
  2 ball pythons (D:1)
  3 giant cockroaches (D:1)
  A goblin (D:1)
  3 bats (D:1)
  A kobold (D:1)
  A rat (D:1)
14 creatures vanquished.

Notes
Turn   | Place    | Note
-------+----------+-------------------------------------------
     0 | D:1      | Bronimir the Formicid Venom Mage began the quest for the
                  | Orb.
     0 | D:1      | Reached XP level 1. HP: 13/13 MP: 3/3
    46 | D:1      | Reached skill level 1 in Armour
    46 | D:1      | Reached XP level 2. HP: 5/19 MP: 1/5
   115 | D:1      | Learned a level 2 spell: Poisonous Vapours
   117 | D:1      | Reached skill level 1 in Conjurations
   366 | D:1      | Slain by a goblin

Levels and vault maps discovered:
D:1:      dpeg_arrival_radiant, layout_rooms

Skill      XL: |  1  2 |
---------------+-------+-----
Armour         | 1 |  1.3
Conjurations   | 1 |  1.1
Dodging        | |  1.7
Stealth        | |  2.4
Spellcasting   | |  2.2
Poison Magic   | |  4.5

Action                   || total
-------------------------++-------
Melee: Spear             ||    25
       Unarmed           ||     2
 Cast: Sting             ||    12
       Poisonous Vapours ||     1
Armor: Robe              ||     8
Dodge: Dodged            ||    37
